 Dungeon Crawl Stone Soup version 0.23.1-38-g628c18f (webtiles) character file.

Game seed: 9172542268819611853

3997 night the Thaumaturge (level 10, -4/51 HPs)
             Began as a Deep Elf Conjurer on Mar 28, 2019.
             Was an Elder of Nemelex Xobeh.
             Killed from afar by night's illusion (17 damage)
             ... with an orb of energy
             ... on level 8 of the Dungeon.
             The game lasted 00:42:40 (10076 turns).

night the Thaumaturge (Deep Elf Conjurer)          Turns: 10076, Time: 00:42:41

Health: -4/51      AC:  7    Str:  5    XL:     10   Next: 3%
Magic:  11/26      EV: 13    Int: 24    God:    Nemelex Xobeh [****..]
Gold:   290        SH:  0    Dex: 22    Spells: 8/30 levels left

rFire    . . .     SeeInvis .   A - +2 quarterstaff (protect)
rCold    . . .     Gourm    .   (shield currently unavailable)
rNeg     . . .     Faith    .   a - +0 robe
rPois    .         Spirit   .   y - +0 helmet "Laqaohue" {+Fly}
rElec    .         Reflect  .   k - +0 cloak
rCorr    .         Harm     .   h - +0 pair of gloves
MR       +....                  i - +1 pair of boots
Stlth    +++.......             O - amulet of regeneration
HPRegen  0.57/turn              o - +3 ring of dexterity
MPRegen  0.20/turn              E - +4 ring of dexterity

@: about to teleport
A: no striking features
a: Draw Escape, Draw Destruction, Draw Summoning, Triple Draw, Deal Four,
Renounce Religion, Evoke Flight


You were on level 8 of the Dungeon.
You worshipped Nemelex Xobeh.
Nemelex Xobeh was greatly pleased with you.
You were not hungry.

You visited 2 branches of the dungeon, and saw 9 of its levels.

You collected 290 gold pieces.

Inventory:

Hand Weapons
 d - a +0 whip
 s - a +0 morningstar
 A - a +2 quarterstaff of protection (weapon)
 K - a +0 lajatang
 L - a +0 shortbow
 M - a +0 battleaxe of flaming
 N - a +1 short sword of venom
Missiles
 m - 211 stones (quivered)
 n - 85 sling bullets
 H - 123 arrows
 J - 68 bolts
Armour
 a - a +0 robe (worn)
 h - a +0 pair of gloves (worn)
 i - a +1 pair of boots (worn)
 k - a +0 cloak (worn)
 l - a +0 buckler
 w - a +0 ring mail of poison resistance
 y - the +0 helmet "Laqaohue" (worn) {+Fly}
   (You took it off Robin on level 4 of the Dungeon)

   It lets you fly.
Jewellery
 o - a +3 ring of dexterity (left hand)
 E - a +4 ring of dexterity (right hand)
 G - an uncursed ring of protection from cold
 O - an amulet of regeneration (around neck)
Wands
 q - a wand of digging (2)
 t - a wand of disintegration (7)
 x - a wand of flame (34)
Scrolls
 b - 4 scrolls of identify
 e - 6 scrolls of teleportation
 j - a scroll of fear
 p - 2 scrolls of remove curse
 F - 2 scrolls of fog
Potions
 f - a potion of heal wounds
 g - 3 potions of brilliance
 r - 3 potions of lignification
 u - 2 potions of cancellation
 v - a potion of might
 z - a potion of curing
 B - a potion of invisibility
 C - a potion of mutation {unknown}
 D - a potion of haste
 I - a potion of ambrosia {unknown}
Comestibles
 c - 16 rations
 R - 11 chunks of flesh


   Skills:
 + Level 0.6 Fighting
 - Level 2.4 Dodging
 - Level 2.4 Stealth
 - Level 10.8 Spellcasting
 - Level 7.4 Conjurations
 - Level 5.2 Hexes
 * Level 9.7 Air Magic
 + Level 1.0 Invocations


You had 8 spell levels left.
You knew the following spells:

 Your Spells              Type           Power        Failure   Level  Hunger
a - Magic Dart            Conj           ####         1%          1    None
b - Searing Ray           Conj           #####.       1%          2    None
c - Iskenderun's Mystic   Conj           #####...     2%          4    None
d - Fulminant Prism       Conj/Hex       #####.....   3%          4    None
e - Dazzling Spray        Conj/Hex       #####.       1%          3    None
f - Static Discharge      Conj/Air       ######..     1%          3    None
g - Lightning Bolt        Conj/Air       ######....   4%          5    ####...

Your spell library contained the following spells:

 Spells                   Type           Power        Failure   Level  Hunger
 Infusion                 Chrm           ##..         4%          1    None
 Spectral Weapon          Hex/Chrm       ####....     4%          3    None
 Shroud of Golubria       Chrm/Tloc      ##........   8%          2    None
 Song of Slaying          Chrm           ##......     8%          2    None
 Force Lance              Conj/Tloc      ####....     11%         4    None
 Regeneration             Chrm/Necr      ##........   14%         3    None
 Ignition                 Fire           ##........   100%        8    #######
 Shatter                  Erth           ##........   100%        9    #######
 Tornado                  Air            ######....   100%        9    #######


Dungeon Overview and Level Annotations

Branches:
Dungeon (8/15)             Temple (1/1) D:6
   Lair: D:8-11

Altars:
Ashenzari
Cheibriados
Dithmenos
Elyvilon
Fedhas
Gozag
Hepliaklqana
Kikubaaqudgha
Makhleb
Nemelex Xobeh
Okawaru
Qazlal
Ru
Sif Muna
Trog
Uskayaw
Vehumet
Wu Jian
Xom
Yredelemnul
Zin
The Shining One

Shops:
D:6 *

Annotations:
D:3 2 transporters, JeronimusCornelisz's ghost, amateur GrFi


Message History

You closely miss the phantom.
The phantom is lightly damaged.
Night's illusion hits the phantom.
The phantom hits you.
* * * LOW HITPOINT WARNING * * *
The phantom blinks!
You draw a card...
You have drawn the Storm.
A fierce wind blows from the card.
The phantom and night's illusion are blown away by the wind.
The electrical discharge engulfs night's illusion!
Night's illusion is moderately wounded.
The electrical discharge engulfs the phantom!
The phantom is severely damaged.
You hear mighty peals of thunder!
You hear a shout!
Some of the chunks of flesh in your inventory have rotted away.
As you read the scroll of teleportation, it crumbles to dust.
You feel strangely unstable.
Night's illusion points at you and mumbles some strange words.
The orb of energy hits you!
You die...
Your body glows slightly and disappears.

.........# #.....#
#####.# ..#####+##
#.....###### #.....#
.. #..........#
#)##### ##
####...#.....# #.#
......#W....# #.#
#....#@..#####.#####
...+...+.....รท...##
#.#...####.........
#.@................
####)..............
#)#####.........
.... #.........
....... #.........
......... #.........
##........#........
##......#########


You could see a phantom and night's illusion.

Vanquished Creatures
  Grinder (D:4)
  4 water moccasins
  2 sky beasts
  3 phantoms
  2 orc warriors
  3 ogres
  2 necrophages (D:6)
  2 centaurs
  A big kobold (D:7)
  5 bullfrogs
  A water moccasin zombie (D:7)
  3 scorpions
  4 killer bees (D:7)
  2 crimson imps
  A bullfrog skeleton (D:5)
  2 bullfrog zombies
  5 hounds
  3 jellies
  5 orc wizards
  Terence (D:2)
  A gnoll shaman (D:6)
  A killer bee zombie (D:6)
  4 worker ants
  2 hound zombies
  A spectral howler monkey (D:6)
  2 hound skeletons
  4 worker ant zombies
  Robin (D:4)
  12 gnolls
  9 adders
  A howler monkey skeleton (D:7)
  3 shadow imps
  7 worms
  2 dart slugs
  4 leopard geckos
  14 orcs
  7 giant cockroaches
  10 goblins
  11 hobgoblins
  5 jackals
  6 quokkas
  A ball python (D:3)
  7 bats
  9 frilled lizards
  21 kobolds
  A leopard gecko skeleton (D:8)
  A leopard gecko zombie (D:5)
  A quokka zombie (D:7)
  11 rats
211 creatures vanquished.

Vanquished Creatures (collateral kills)
  The ghost of davaitedunem the Nimble, an amateur FeFi of Dithmenos (D:6)
  A bullfrog (D:8)
2 creatures vanquished.

Vanquished Creatures (others)
  14 fulminant prisms
14 creatures vanquished.

Grand Total: 227 creatures vanquished

Notes
Turn   | Place    | Note
-------+----------+-------------------------------------------
     0 | D:1      | night the Deep Elf Conjurer began the quest for the Orb.
     0 | D:1      | Reached XP level 1. HP: 10/10 MP: 6/6
   317 | D:1      | Reached XP level 2. HP: 15/15 MP: 4/8
   763 | D:1      | Learned a level 2 spell: Searing Ray
   921 | D:1      | Reached skill level 4 in Spellcasting
  1058 | D:2      | Reached skill level 5 in Conjurations
  1058 | D:2      | Reached XP level 3. HP: 19/19 MP: 7/10
  1109 | D:2      | Noticed Terence
  1681 | D:2      | Killed Terence
  1681 | D:2      | Reached XP level 4. HP: 14/24 MP: 5/12
  2070 | D:2      | Found a faded altar of an unknown god.
  2073 | D:2      | Became a worshipper of Nemelex Xobeh the Trickster
  2073 | D:2      | Received a gift from Nemelex Xobeh
  2073 | D:2      | Reached * piety under Nemelex Xobeh
  2261 | D:3      | Reached skill level 5 in Spellcasting
  2915 | D:3      | Reached XP level 5. HP: 28/28 MP: 11/14
  3010 | D:3      | Received a gift from Nemelex Xobeh
  3025 | D:3      | Found a transporter.
  3026 | D:3      | Noticed JeronimusCornelisz's ghost (amateur GrFi)
  3027 | D:3      | Found a transporter.
  3031 | D:3      | Identified the cursed +0 great mace of Wariness {flame,
                  | -Tele +Rage Str+4 Stlth+}
  3031 | D:3      | Noticed an ogre
  3033 | D:3      | Noticed an ogre
  3274 | D:3      | Learned a level 4 spell: Iskenderun's Mystic Blast
  3299 | D:3      | Learned a level 4 spell: Fulminant Prism
  3627 | D:4      | Reached skill level 1 in Hexes
  3636 | D:4      | Noticed Grinder
  3644 | D:4      | Killed Grinder
  3644 | D:4      | Reached skill level 6 in Spellcasting
  3644 | D:4      | Reached XP level 6. HP: 22/32 MP: 6/17
  3775 | D:4      | Identified the cursed +0 helmet "Laqaohue" {+Fly}
  3775 | D:4      | Noticed Robin
  3782 | D:4      | Killed Robin
  4085 | D:4      | Reached XP level 7. HP: 36/36 MP: 12/19
  4229 | D:4      | Found an ancient bone altar of Kikubaaqudgha.
  4273 | D:4      | Reached ** piety under Nemelex Xobeh
  4273 | D:4      | Received a gift from Nemelex Xobeh
  4758 | D:5      | Entered Level 5 of the Dungeon
  4771 | D:5      | Reached skill level 7 in Spellcasting
  4953 | D:5      | Received a gift from Nemelex Xobeh
  5149 | D:5      | Received a gift from Nemelex Xobeh
  5220 | D:5      | Learned a level 3 spell: Dazzling Spray
  5242 | D:5      | Reached skill level 5 in Hexes
  5429 | D:5      | Reached *** piety under Nemelex Xobeh
  5490 | D:5      | Learned a level 3 spell: Static Discharge
  5572 | D:5      | Received a gift from Nemelex Xobeh
  5821 | D:6      | Noticed davaitedunem's ghost (amateur FeFi)
  5822 | D:6      | Found a transporter.
  5827 | D:6      | Reached skill level 1 in Air Magic
  5855 | D:6      | Found a transporter.
  5895 | D:6      | Reached XP level 8. HP: 35/41 MP: 14/21
  6159 | D:6      | Found a staircase to the Ecumenical Temple.
  6311 | Temple   | Entered the Ecumenical Temple
  6664 | D:6      | Found Keesotte's Assorted Antiques.
  6686 | D:6      | Learned a level 5 spell: Lightning Bolt
  6888 | D:6      | Reached skill level 8 in Spellcasting
  6889 | D:6      | Reached skill level 5 in Air Magic
  7636 | D:6      | Received a gift from Nemelex Xobeh
  7979 | D:7      | Reached skill level 9 in Spellcasting
  7983 | D:7      | Reached XP level 9. HP: 44/44 MP: 0/24
  8140 | D:6      | Killed davaitedunem's ghost
  8876 | D:7      | Reached skill level 10 in Spellcasting
  9121 | D:7      | Received a gift from Nemelex Xobeh
  9619 | D:7      | Reached **** piety under Nemelex Xobeh
  9993 | D:8      | Received a gift from Nemelex Xobeh
 10062 | D:8      | Reached XP level 10. HP: 28/51 MP: 8/26
 10070 | D:8      | Reached skill level 1 in Invocations
 10076 | D:8      | Killed from afar by night's illusion

Skill      XL: |  1  2  3  4  5  6  7  8  9 10 |
---------------+-------------------------------+-----
Spellcasting   | 4 5 6 7 9 10 | 10.8
Conjurations   | 5 6 7 |  7.4
Hexes          | 3 5 |  5.2
Air Magic      | 3 6 9 |  9.7
Invocations    | 1 |  1.0
Fighting       | |  0.6
Dodging        | |  2.4
Stealth        | |  2.4

Action                   |  1- 3 |  4- 6 |  7- 9 | 10-12 || total
-------------------------+-------+-------+-------+-------++-------
Melee: Unarmed           |     3 |       |       |       ||     3
       Morningstar       |       |       |     4 |       ||     4
       Battleaxe         |       |       |    38 |       ||    38
       Quarterstaff      |       |       |    11 |     6 ||    17
 Cast: Magic Dart        |    75 |   114 |   255 |       ||   444
       Searing Ray       |     1 |     3 |    23 |       ||    27
       Fulminant Prism   |       |     1 |    13 |       ||    14
       Iskenderun's Myst |       |       |    20 |     1 ||    21
       Dazzling Spray    |       |       |     2 |       ||     2
       Lightning Bolt    |       |       |     1 |       ||     1
 Abil: Draw Destruction  |       |     5 |     1 |     1 ||     7
       Draw Summoning    |       |       |     1 |     1 ||     2
Evoke: Wand              |       |       |     1 |       ||     1
  Use: Scroll            |     2 |     2 |    12 |     1 ||    17
       Potion            |       |       |     2 |       ||     2
 Stab: Sleeping          |       |       |     2 |       ||     2
  Eat: Chunk             |     2 |     7 |    14 |       ||    23
       Ration            |       |       |     2 |       ||     2
Armor: Robe              |       |     5 |    46 |     6 ||    57
Dodge: Dodged            |     5 |    14 |   109 |     7 ||   135
